 Dungeon Crawl Stone Soup version 0.21-a0-538-gd16b88a (webtiles) character file.

18 Amnesiac the Shield-Bearer (level 2, -4/20 HPs)
             Began as a Halfling Fighter on Dec 15, 2017.
             Slain by a worm (6 damage)
             ... on level 2 of the Dungeon.
             The game lasted 00:00:52 (611 turns).

Amnesiac the Shield-Bearer (Halfling Fighter)        Turns: 611, Time: 00:00:53

Health: -4/20      AC:  6    Str: 17    XL:     2   Next: 85%
Magic:  2/2        EV: 10    Int:  6    God:
Gold:   35         SH:  9    Dex: 13    Spells: 1/1 levels left

rFire    . . .     SeeInvis .   a - +0 rapier
rCold    . . .     Gourm    .   c - +0 shield
rNeg     . . .     Faith    .   b - +0 scale mail
rPois    .         Spirit   .   (no helmet)
rElec    .         Reflect  .   (no cloak)
rCorr    +         Harm     .   (no gloves)
MR       .....                  (no boots)
Stlth    ..........             (no amulet)
HPRegen  0.06/turn              e - ring of resist corrosion
MPRegen  0.08/turn              (no ring)

@: no status effects
A: small, mutation resistance 1
a: no special abilities


You were on level 2 of the Dungeon.
You were not hungry.

You visited 1 branch of the dungeon, and saw 2 of its levels.

You collected 35 gold pieces.

Inventory:

Hand Weapons
 a - a +0 rapier (weapon)
Missiles
 k - 37 stones (quivered)
Armour
 b - a +0 scale mail (worn)
 c - a +0 shield (worn)
Jewellery
 e - a ring of resist corrosion (left hand)
Scrolls
 h - a scroll of identify {!r, unknown}
 i - a scroll of enchant armour {!r, unknown}
 m - a scroll of remove curse {!r, unknown}
Potions
 d - 2 potions of might {!q}
 j - a potion of magic {!q, unknown}
 n - a potion of curing {!q, unknown}
 o - a potion of agility {!q, unknown}
Comestibles
 f - 4 bread rations
 g - a royal jelly
 l - 4 fruits


   Skills:
 - Level 2.6 Fighting
 - Level 2.4 Short Blades
 - Level 3.2 Armour
 + Level 2.4 Dodging
 - Level 3.2 Shields


You had one spell level left.
You didn't know any spells.

Dungeon Overview and Level Annotations

Branches:
Dungeon (2/15)

Altars:


Innate Abilities, Weirdness & Mutations

You are small and have problems with some larger weapons.
You are somewhat resistant to further mutation.


Message History

You block the kobold's attack.
You hit the kobold but do no damage. The kobold misses you.
You closely miss the kobold. The kobold hits you but does no damage.
A kobold is nearby!
You barely miss the kobold. You block the kobold's attack.
A kobold is nearby!
You miss the kobold. The kobold hits you but does no damage.
You hit the kobold.
You kill the kobold!
k - 17 stones (gained 1)
Found an escape hatch in the floor.
Found a stone staircase leading down.
No target in view!
k - 37 stones (gained 20)
There is an escape hatch in the floor here.
You enter a teleport trap!
The teleport trap disappears.
Your surroundings suddenly seem different.
A rat comes into view.
A rat is nearby!
You closely miss the rat. You block the rat's attack.
A rat is nearby!
You puncture the rat!
You kill the rat!
Found an escape hatch in the ceiling.
No target in view!
A bat comes into view.
The bat hits you but does no damage.
A bat is nearby!
You hit the bat.
You kill the bat!
There is an escape hatch in the ceiling here.
A worm comes into view.
A worm is nearby!
You hit the worm.
The worm is moderately wounded.
Your shield and scale mail prevent you from hitting the worm.
The worm is moderately wounded.
You block the worm's attack.
You hit the worm.
The worm is moderately wounded.
The worm bites you.
You barely miss the worm.
The worm is moderately wounded.
The worm closely misses you.
You barely miss the worm.
The worm is moderately wounded.
You hit the worm.
The worm is heavily wounded.
The worm misses you.
You hit the worm but do no damage.
The worm is moderately wounded.
The worm bites you!
* * * LOW HITPOINT WARNING * * *
You puncture the worm!
The worm is severely wounded.
You hit the worm but do no damage.
The worm is severely wounded.
The worm bites you.
* * * LOW HITPOINT WARNING * * *
You are too injured to fight recklessly!
You hit the worm.
The worm is almost dead.
The worm bites you.
You die...

########
#......#
#####
#.####.#
#.... #.#
#.#######.###
#.#
#.<.......#
#@#
###########
#w# #.# #.#
#.# #.# #.#
#.#


You could see a worm.

Vanquished Creatures
  3 goblins
  A hobgoblin (D:2)
  3 kobolds
  4 bats
  4 frilled lizards
  3 rats
18 creatures vanquished.

Notes
Turn   | Place    | Note
-------+----------+-------------------------------------------
     0 | D:1      | Amnesiac the Halfling Fighter began the quest for the Orb.
     0 | D:1      | Reached XP level 1. HP: 15/15 MP: 1/1
    89 | D:1      | Reached skill level 1 in Dodging
   250 | D:1      | Reached XP level 2. HP: 20/20 MP: 2/2
   611 | D:2      | Slain by a worm

Vault maps used:
D:1:      wheals_arrival_shading
D:2:      marbit_many_paths, old_standard_altar

Skill      XL: |  1  2 |
---------------+-------+-----
Dodging        | 1 2 |  2.4
Fighting       | |  2.6
Short Blades   | |  2.4
Armour         | |  3.2
Shields        | |  3.2

Action                   || total
-------------------------++-------
Melee: Rapier            ||    61
Armor: Scale mail        ||    19
Dodge: Dodged            ||    21
Block: Shield            ||    32

Table legend:
 A = Spawn XP
 B = Non-spawn XP
 C = Spawn XP percentage of total XP
 D = Spawn monster count
 E = Non-spawn monster count
 F = Spawn count percentage of total count
 G = Total turns spent on level
                    A         B        C        D         E        F      G
               +---------+---------+-------+---------+---------+-------+---------
         Total |       0 |      26 |   0.0 |       0 |      18 |   0.0 |   611
               +---------+---------+-------+---------+---------+-------+---------
           D:1 |       0 |      13 |   0.0 |       0 |       9 |   0.0 |   486
           D:2 |       0 |      13 |   0.0 |       0 |       9 |   0.0 |   125
               +---------+---------+-------+---------+---------+-------+---------
